 Dungeon Crawl Stone Soup version 0.31-a0-844-gdc52ec4e09 (webtiles) character file.

Game seed: 9046601293514556816

735 pop123321pop the Basher (level 7, -2/88 HPs)
             Began as a Minotaur Berserker on Sept 30, 2023.
             Was a Believer of Trog.
             Slain by an ogre
             ... wielding a +0 giant club
              (11 damage)
             ... on level 5 of the Dungeon.
             The game lasted 00:03:33 (4251 turns).

pop123321pop the Basher (Minotaur Berserker)        Turns: 4251, Time: 00:03:33

Health: -2/88      AC: 14    Str: 21    XL:     7   Next: 45%
Magic:  6/6        EV:  6    Int:  4    God:    Trog [**....]
Gold:   269        SH:  0    Dex: 12    Spells: 6/6 levels left

rFire   . . .        a - +0 mace
rCold   . . .        (no shield)
rNeg    . . .        o - +0 plate armour
rPois   .            (helmet restricted)
rElec   .            (no cloak)
rCorr   .            (no gloves)
SInv    .            k - +2 pair of boots
Will    .....        (no amulet) Stlth
                     (no ring)
HPRegen 0.34/turn    (no ring)
MPRegen 0.10/turn

%: no passive effects
@: berserking, very quick
A: horns 2, retaliatory headbutt
a: Renounce Religion, Berserk, Trog's Hand


You were on level 5 of the Dungeon.
You worshipped Trog.
Trog was pleased with you.
You visited 1 branch of the dungeon, and saw 5 of its levels.

You collected 269 gold pieces.

Inventory:

Hand Weapons
 a - a +0 mace (weapon)
Armour
 k - a +2 pair of boots (worn)
 o - a +0 plate armour (worn)
Scrolls
 b - 2 scrolls of teleportation {unknown}
 c - 3 scrolls of identify {unknown}
 e - a scroll of fear {unknown}
 g - 2 scrolls of enchant weapon {unknown}
 h - a scroll of silence {unknown}
 j - a scroll of immolation {unknown}
 m - a scroll of poison {unknown}
 n - a scroll of fog {unknown}
 q - a scroll of noise {unknown}
Potions
 d - 2 potions of degeneration {unknown}
 f - a potion of experience {unknown}
 i - 2 potions of heal wounds {unknown}
 l - a potion of ambrosia {unknown}
 p - 2 potions of curing {unknown}


   Skills:
 * Level 4.2 Fighting
 - Level 10.3 Maces & Flails
 - Level 2.4 Armour
 - Level 2.1 Dodging


You had 6 spell levels left.
You didn't know any spells.
Your spell library was empty.

Dungeon Overview and Level Annotations

Branches:
Dungeon (5/15)             Temple (0/1) D:5

Altars:


Innate Abilities, Weirdness & Mutations

You have a pair of horns on your head.
You reflexively headbutt those who attack you in melee.


Message History

The iguana attacks as it pursues you! The iguana bites you.
The iguana attacks as it pursues you! The iguana bites you.
The iguana attacks as it pursues you!
The iguana bites you but does no damage.
You hit the iguana but do no damage. Your headbutt misses the iguana.
The iguana is heavily wounded.
The iguana bites you but does no damage.
You hit the iguana. You headbutt the iguana.
You kill the iguana!
Trog accepts your kill.
Your Fighting skill increases to level 4!
You sock the orc!
You kill the orc!
Trog accepts your kill.
You hit the ogre.
The ogre is lightly wounded.
The orc priest invokes the aid of Beogh against you.
Beogh smites you!
You barely miss the ogre. Your headbutt misses the ogre.
The ogre is lightly wounded.
The ogre hits you with a +0 giant club!
You hit the ogre.
The ogre is moderately wounded.
The ogre hits you with a +0 giant club!
* * * LOW HITPOINT WARNING * * *
You sock the ogre! You headbutt the ogre.
The ogre is severely wounded.
A red film seems to cover your vision as you go berserk!
You feel yourself moving faster!
You feel mighty! The ogre barely misses you.
The orc priest invokes the aid of Beogh against you.
Beogh smites you!
* * * LOW HITPOINT WARNING * * *
You closely miss the ogre.
The ogre is severely wounded.
The orc priest looks satisfied for a moment.
The orc shouts!
You sock the ogre! Your headbutt misses the ogre.
The ogre is almost dead.
The ogre hits you with a +0 giant club!
You die...

##.8.#.# #.....##.#
#8.>.8##.## #
#.....##...
#.###.8.###..
#.....### #..
####..# #.####
#..#####....####
#..@OoK#.......###
#.####ooo........##
#.# ###o.o.......#
#.# #.###)####..
#.# #.# ..o
#########.######.#
K...#
#.........#...##.#
....#
#..............#..
!...o.
#..##.###......#..
#####o.


You could see a kobold brigand, an ogre, an orc priest and 5 orcs.

Vanquished Creatures
  A steam dragon (D:4)
  A water moccasin (D:5)
  A black bear (D:4)
  A phantom (D:3)
  A howler monkey (D:5)
  A sleepcap (D:5)
  A hound (D:5)
  4 iguanas
  An orc wizard (D:5)
  4 adders
  4 dart slugs (D:2)
  2 orcs
  6 endoplasms
  11 goblins
  5 hobgoblins
  5 quokkas
  5 ball pythons
  9 bats
  3 frilled lizards
  4 kobolds
  2 rats (D:2)
72 creatures vanquished.

Notes
Turn   | Place    | Note
-------+----------+-------------------------------------------
     0 | D:1      | pop123321pop the Minotaur Berserker began the quest for the
                  | Orb.
     0 | D:1      | Reached XP level 1. HP: 19/19 MP: 0/0
    23 | D:1      | Reached skill level 4 in Maces & Flails
   122 | D:1      | Reached XP level 2. HP: 14/26 MP: 1/1
  1327 | D:2      | Reached skill level 5 in Maces & Flails
  1365 | D:2      | Reached ** piety under Trog
  1399 | D:2      | Reached XP level 3. HP: 31/31 MP: 2/2
  2129 | D:3      | Noticed a phantom
  2140 | D:3      | Killed a phantom
  2141 | D:3      | Reached skill level 6 in Maces & Flails
  2141 | D:3      | Reached XP level 4. HP: 34/39 MP: 3/3
  2141 | D:3      | Reached XP level 5. HP: 40/45 MP: 4/4
  2142 | D:3      | Reached skill level 7 in Maces & Flails
  2769 | D:4      | Noticed a steam dragon
  2778 | D:4      | Killed a steam dragon
  2779 | D:4      | Reached skill level 8 in Maces & Flails
  2779 | D:4      | Reached XP level 6. HP: 15/51 MP: 5/5
  3060 | D:4      | Reached skill level 9 in Maces & Flails
  3407 | D:5      | Entered Level 5 of the Dungeon
  3476 | D:5      | Reached XP level 7. HP: 32/57 MP: 6/6
  3755 | D:5      | Reached skill level 10 in Maces & Flails
  3928 | D:5      | Identified the +2 short sword "Fump" {spect, Dex+2}
  4210 | D:5      | Found a staircase to the Ecumenical Temple.
  4251 | D:5      | Slain by an ogre

Illustrated notes

Levels and vault maps discovered:
D:1:      psy_arrival_statuary, layout_basic
D:2:      layout_loops_corners
D:3:      layout_rooms
D:4:      layout_rooms
D:5:      minmay_recursive_quarters, layout_loops_ring,
          minmay_temple_entry_statues_pillars, roderic_lattice_a

Skill      XL: |  1  2  3  4  5  6  7 |
---------------+----------------------+-----
Maces & Flails | 4 5 6 8 9 10 | 10.3
Fighting       | 4 |  4.2
Armour         | |  2.4
Dodging        | |  2.1

Action                     |  1- 3 |  4- 6 |  7- 9 || total
---------------------------+-------+-------+-------++-------
  Melee: Mace              |    94 |    79 |    40 ||   213
         Headbutt          |     9 |    15 |     7 ||    31
         Punch             |     1 |     1 |       ||     2
 Invoke: Berserk           |     1 |     1 |     1 ||     3
 Armour: Animal skin       |    25 |       |       ||    25
         Leather armour    |    35 |    12 |       ||    47
         Plate armour      |       |    64 |    34 ||    98
  Dodge: Dodged            |    69 |    25 |     9 ||   103

Table legend: (Time is in decaauts)
 A = Elapsed time spent in this place.
 B = Non-inter-level travel time spent in this place.
 C = Inter-level travel time spent in this place.
 D = Time resting spent in this place.
 E = Time spent auto-exploring this place.
 F = Levels seen in this place.
 G = Mean time per level.
                   A        B        C        D        E       F      G
               +--------+--------+--------+--------+--------+-----+--------+
         Total |   4283 |   3940 |    343 |    283 |   3137 |   5 |  856.6 |
       Dungeon |   4283 |   3940 |    343 |    283 |   3137 |   5 |  856.6 |
               +--------+--------+--------+--------+--------+-----+--------+

Top non-repeatable levels by time:
     D:1: 1199 daAuts
     D:2: 1003 daAuts
     D:5: 837 daAuts
     D:4: 629 daAuts
     D:3: 613 daAuts
